Map: Ancient Cistern LE

Players

Zain

  • Race: Protoss Protoss
  • League: Diamond
  • Spawn Location: 1:00

MaNa - Winner!

  • Race: Protoss Protoss
  • Spawn Location: 7:00

Event: ESL SC2 Masters 2023 Summer (Finals)

VOD

Have the link to the VOD?

Description

Time

  • Played on: June 16, 2023, 6:07 a.m.
  • Length: 7:07

All games in this series

Show
View Real Time Build Order
Export as new Build Order

Zain Protoss 

Build Orders: Phoenix Opening 

Get SALT Encoding   

  12  0:00  Probe  
  13  0:12  Probe  
  14  0:17  Pylon  
  14  0:24  Probe (Chrono Boost)  
  15  0:36  Probe (Chrono Boost), Gateway  
  16  0:44  Probe (Chrono Boost)  
  16  0:45  Assimilator  
  17  0:50  Probe  
  18  0:59  Assimilator  
  18  1:03  Probe (Chrono Boost)  
  19  1:07  Gateway  
  19  1:13  Probe (Chrono Boost)  
  19  1:18  Probe (Chrono Boost)  
  20  1:24  Cybernetics Core  
  21  1:29  Probe  
  22  1:41  Probe  
  23  1:54  Pylon  
  23  2:00  Warp Gate (Chrono Boost)  
  23  2:12  Probe, Stalker x2  
  23  2:14  Pylon  
  28  2:24  Probe  
  28  2:25  Shield Battery  
  29  2:36  Probe  
  30  2:41  Sentry x2  
  34  2:48  Probe  
  35  2:59  Nexus  
  35  3:02  Shield Battery  
  35  3:04  Probe  
  36  3:06  Sentry  
  38  3:12  Phoenix  
  38  3:13  Pylon  
  38  3:22  Twilight Council  
  38  3:25  Probe  
  39  3:37  Probe  
  40  3:43  Stalker x2  
  44  3:49  Probe  
  45  4:01  Phoenix  
  45  4:02  Dark Shrine  
  45  4:05  Forge  
  43  4:11  Stalker  
  43  4:13  Probe  
  43  4:16  Probe  
  47  4:25  Probe  
  47  4:28  Probe (Chrono Boost)  
  47  4:31  Blink (Chrono Boost)  
  49  4:34  Gateway  
  50  4:40  Probe (Chrono Boost)  
  50  4:43  Probe (Chrono Boost)  
  51  4:49  Probe (Chrono Boost)  
  51  4:52  Probe (Chrono Boost)  
  54  5:02  Probe  
  54  5:05  Nexus  
  54  5:10  Stalker  
  56  5:14  Stalker  
  56  5:15  Probe  
  56  5:17  Probe  
  56  5:19  Pylon  
  60  5:21  Phoenix  
  60  5:25  Pylon  
  60  5:27  Probe  
  61  5:30  Probe  
  61  5:33  Assimilator  
  62  5:38  Stalker x2  
  62  5:42  Shield Battery  
  66  5:44  Probe  
  66  5:46  Probe  
  68  5:51  Stalker  
  68  5:56  Probe  
  71  5:58  Probe, Pylon  
  71  6:02  Gateway  
  72  6:08  Probe  
  66  6:18  Stalker  
  66  6:19  Stalker x2  
  66  6:23  Probe  
  70  6:38  Probe x2  
  67  6:40  Probe  
  64  6:47  Stalker x3  
  64  6:50  Probe x2  
  71  6:56  Shield Battery  
  71  6:57  Stalker  
Show
View Real Time Build Order
Export as new Build Order

MaNa Protoss - Winner!

Build Orders: Phoenix Opening 

Get SALT Encoding   

  12  0:00  Probe  
  13  0:12  Probe  
  14  0:17  Pylon  
  14  0:24  Probe (Chrono Boost)  
  15  0:36  Probe (Chrono Boost)  
  15  0:37  Gateway  
  16  0:45  Probe (Chrono Boost)  
  16  0:46  Assimilator  
  17  0:51  Probe  
  18  1:03  Probe (Chrono Boost)  
  19  1:04  Assimilator  
  19  1:11  Gateway  
  20  1:12  Probe (Chrono Boost)  
  20  1:17  Probe (Chrono Boost)  
  21  1:26  Cybernetics Core  
  21  1:29  Probe  
  22  1:37  Pylon  
  22  1:41  Probe  
  23  1:55  Probe  
  24  2:02  Warp Gate (Chrono Boost)  
  24  2:03  Stalker x2  
  24  2:08  Probe  
  29  2:18  Pylon  
  30  2:22  Probe  
  30  2:36  Stalker x2  
  34  2:43  Probe  
  34  3:00  Nexus  
  35  3:05  Probe  
  35  3:07  Sentry  
  37  3:13  Pylon  
  37  3:17  Probe  
  38  3:25  Twilight Council  
  38  3:30  Probe  
  39  3:42  Probe (Chrono Boost)  
  39  3:48  Stalker x2  
  44  3:54  Probe (Chrono Boost)  
  44  3:55  Phoenix  
  45  3:56  Pylon  
  46  4:03  Probe (Chrono Boost)  
  46  4:08  Probe (Chrono Boost)  
  46  4:15  Blink (Chrono Boost)  
  47  4:18  Probe (Chrono Boost)  
  47  4:20  Probe (Chrono Boost)  
  49  4:24  Stalker  
  49  4:27  Probe (Chrono Boost)  
  49  4:28  Probe (Chrono Boost)  
  49  4:31  Stalker  
  55  4:33  Probe (Chrono Boost)  
  55  4:34  Probe  
  57  4:42  Robotics Facility  
  57  4:44  Probe  
  58  4:47  Probe  
  59  4:54  Stalker x2  
  59  4:57  Probe  
  64  5:00  Probe  
  64  5:05  Gateway  
  65  5:09  Probe  
  65  5:10  Gateway  
  65  5:13  Pylon  
  66  5:19  Adept x2  
  70  5:31  Probe x2, Observer (Chrono Boost)  
  73  5:39  Stalker x2  
  77  5:44  Observer (Chrono Boost)  
  77  5:45  Pylon  
  78  5:54  Nexus  
  78  6:05  Stalker x4  
  86  6:34  Probe x2  
  86  6:39  Pylon  
  86  6:40  Pylon  
  86  6:44  Forge  
  86  6:49  Probe x2  
  84  6:55  Stalker  
  84  7:00  Stalker x3  
Tags
 
Add a new tag
Caveats
  • Supply blocks, unpowered buildings, or Contaminate may cause inaccurate times.
  • Supply counts are checked every 10 seconds.